 Dungeon Crawl Stone Soup version 0.14.1 (webtiles) character file.

1304 Heini the Cleaver (level 8, -4/71 HPs)
             Began as a Hill Orc Fighter on Apr 29, 2014.
             Slain by Prince Ribbit (8 damage)
             ... on Level 5 of the Dungeon on Apr 30, 2014.
             The game lasted 00:13:42 (5112 turns).

Heini the Cleaver (Hill Orc Fighter)                Turns: 5112, Time: 00:13:42

HP  -4/71        AC  8     Str 21      XL: 8   Next: 42%
MP   8/8         EV  6     Int  8      God:
Gold 121         SH 18     Dex 10      Spells:  0 memorised,  7 levels left

rFire  . . .     SeeInvis .     p - +0 war axe
rCold  . . .     Clarity  .     b - +0 scale mail (curse)
rNeg   . . .     Conserve .     c - +0 shield
rPois  .         rCorr    .     (no helmet)
rElec  .         rRot     .     (no cloak)
SustAb + .       Spirit   .     (no gloves)
rMut   .         Warding  .     (no boots)
Saprov + . .     Stasis   .     r - amulet of faith
MR     .....                    o - ring of sustain abilities
                                l - ring of sustenance

@: not resistant to hostile enchantments, extremely unstealthy
A: saprovore 1
a: no special abilities


You were on level 5 of the Dungeon.
You were not hungry.

You visited 1 branch of the dungeon, and saw 5 of its levels.
You also visited: Ossuary.

You collected 121 gold pieces.

Inventory:

Hand weapons
 a - a +0,+0 war axe
 p - a +0,+0 war axe (weapon)
Armour
 b - a cursed +0 scale mail (worn)
 c - a +0 shield (worn)
 n - a +0 plate armour
Magical devices
 u - a wand of teleportation (6) {unknown}
Comestibles
 d - 2 meat rations
 i - a rotting chunk of rat flesh
 q - 9 sultanas
 s - 2 bread rations
 z - 4 chunks of orc flesh
Scrolls
 e - a scroll of magic mapping {unknown}
 j - 2 scrolls of remove curse
 k - a scroll of identify
Jewellery
 l - a ring of sustenance (left hand)
 o - a ring of sustain abilities (right hand)
 r - an amulet of faith (around neck)
 v - a +3,+5 ring of slaying {unknown}
Potions
 f - 2 potions of cure mutation
 g - 2 potions of invisibility
 h - 2 potions of brilliance
 m - a potion of magic
 t - 2 potions of paralysis
 w - 2 potions of heal wounds
 x - a potion of curing


   Skills:
 * Level 6.5 Fighting
 * Level 8.3 Axes
 * Level 7.5 Armour
 - Level 3.3 Shields


You had 7 spell levels left.
You didn't know any spells.

Dungeon Overview and Level Annotations

Branches:
Dungeon (5/15)
 Temple: D:4-7

Altars:
Elyvilon
Makhleb
Xom

Annotations:
D:5 Prince Ribbit


Innate Abilities, Weirdness & Mutations

You can tolerate rotten meat.


Message History

Prince Ribbit momentarily phases out as your attack passes through him.
You closely miss the rat. You hit the worm.
The worm is severely wounded.
You block Prince Ribbit's attack. The worm bites you!
You block the rat's attack. Prince Ribbit hits you.
Prince Ribbit asks, "Just a little smooch?"
You block Prince Ribbit's attack. You block Prince Ribbit's attack.
You closely miss Prince Ribbit.
Prince Ribbit hits you but does no damage.
Prince Ribbit hits you!
* * * LOW HITPOINT WARNING * * *
You closely miss Prince Ribbit. You block Prince Ribbit's attack.
Prince Ribbit hits you!
* * * LOW HITPOINT WARNING * * *
Prince Ribbit closely misses you.
Prince Ribbit hits you but does no damage.
Prince Ribbit hits you!
You die...

# ##.## #... #< ...# #...# #.#.
#. ###..#### #...# #...
#.###.......# #...# #.#.
#........##.#### #...# #...
......##.#.....# #...# ......
.............#.#####...####.##.##
......#.##...#...............#. #
..........w..r.F@........>.... #
....?##.##.###...............# ##
.....##.##.###.#####...####.####.
.....##........# #...# #......
###########.#### #.(.# ######.
#.# #...# #.. #.########...#####
#.. #.##.....#.......# #..
.#######.##......#..###.# #..


You could see Prince Ribbit, a worm and a rat.

Vanquished Creatures
  Eustachio (D:4)
  Menkaure (D:4)
  A water moccasin (D:5)
  A phantom (D:5)
  2 ogres (D:4)
  The ghost of Heini the Skirmisher, a weakling HOFi (D:3)
  A crimson imp (D:5)
  A bog body (Ossuary)
  2 hounds
  4 worker ants (D:4)
  An iron imp (D:4)
  An orc wizard (D:4)
  Jessica (D:2)
  A hound zombie (D:5)
  8 adders
  2 gnolls
  A shadow imp (D:4)
  3 worms
  An iguana zombie (D:5)
  4 giant geckos
  2 oozes
  16 orcs
  13 bats
  3 giant cockroaches
  16 goblins
  7 hobgoblins
  10 kobolds
  2 quokkas (D:2)
  3 ball pythons
  A goblin skeleton (D:4)
  A hobgoblin skeleton (D:4)
  A kobold zombie (D:4)
  2 orc skeletons
  8 rats
123 creatures vanquished.

Vanquished Creatures (others)
  A plant (Ossuary)
1 creature vanquished.

Grand Total: 124 creatures vanquished

Notes
Turn   | Place    | Note
--------------------------------------------------------------
     0 | D:1      | Heini, the Hill Orc Fighter, began the quest for the Orb.
     0 | D:1      | Reached XP level 1. HP: 19/19 MP: 1/1
    47 | D:1      | Reached XP level 2. HP: 25/27 MP: 2/2
   150 | D:1      | Reached skill level 4 in Fighting
   355 | D:1      | Reached XP level 3. HP: 33/33 MP: 3/3
   764 | D:2      | Noticed Jessica
   780 | D:2      | Killed Jessica
   780 | D:2      | Reached XP level 4. HP: 20/41 MP: 4/4
  1942 | D:3      | Found a white marble altar of Elyvilon.
  1948 | D:3      | Reached XP level 5. HP: 47/47 MP: 5/5
  2198 | D:3      | Reached skill level 5 in Armour
  2250 | D:3      | Noticed Heini's ghost (weakling HOFi)
  2264 | D:3      | Killed Heini's ghost
  2491 | D:4      | Reached skill level 5 in Fighting
  2491 | D:4      | Reached XP level 6. HP: 46/56 MP: 6/6
  2578 | D:4      | Noticed an ogre
  2587 | D:4      | Killed an ogre
  2587 | D:4      | Reached skill level 5 in Axes
  2696 | D:4      | Noticed Menkaure
  2702 | D:4      | Killed Menkaure
  2702 | D:4      | Reached skill level 6 in Armour
  2702 | D:4      | Reached XP level 7. HP: 61/61 MP: 7/7
  2741 | D:4      | Noticed Eustachio
  2760 | D:4      | Killed Eustachio
  2940 | D:4      | Noticed an ogre
  2947 | D:4      | Killed an ogre
  3367 | D:4      | Reached skill level 7 in Axes
  4030 | D:4      | Reached XP level 8. HP: 70/70 MP: 8/8
  4158 | D:5      | Entered Level 5 of the Dungeon
  4385 | D:5      | Found a sand-covered staircase.
  4394 | Ossuary  | Entered an ossuary
  4736 | D:5      | Reached skill level 8 in Axes
  4753 | D:5      | Found a shimmering altar of Xom.
  4754 | D:5      | Found a burning altar of Makhleb.
  4762 | D:5      | Paralysed by a crimson imp for 3 turns
  5091 | D:5      | Noticed Prince Ribbit
  5105 | D:5      | HP: 3/71 [Prince Ribbit (11)]
  5112 | D:5      | Slain by Prince Ribbit

Action                   |  1- 3 |  4- 6 |  7- 9 || total
-------------------------+-------+-------+-------++-------
Melee: War axe           |    80 |   162 |   237 ||   479
  Use: Scroll            |     3 |     7 |     4 ||    14
       Potion            |       |       |     4 ||     4
